 Dungeon Crawl Stone Soup version 0.30-a0-1085-g990a428a5c (webtiles) character file.

Game seed: 17891909232962830320

18096 fortdeath9 the Cleaver (level 12, -2/108 HPs)
             Began as a Minotaur Fighter on Apr 16, 2023.
             Was a High Priest of Okawaru.
             Slain by an eight-headed hydra (13 damage)
             ... on level 1 of the Lair of Beasts.
             The game lasted 01:13:59 (10194 turns).

fortdeath9 the Cleaver (Minotaur Fighter)          Turns: 10194, Time: 01:14:00

Health: -2/108     AC: 18    Str: 25    XL:     12   Next: 24%
Magic:  14/14      EV: 10    Int:  5    God:    Okawaru [*****.]
Gold:   709        SH:  8    Dex: 17    Spells: 11/11 levels left

rFire   . . .      SeeInvis .    u - +3 hand axe (heavy)
rCold   . . .      Faith    .    c - +0 buckler
rNeg    . . .      Spirit   .    R - +0 plate armour
rPois   +          Reflect  .    (helmet restricted)
rElec   .          Rampage  .    (no cloak)
rCorr   .                        (no gloves)
Will    .....                    B - +0 pair of boots Stlth
                                 N - amulet of regeneration
HPRegen 1.18/turn                z - +6 ring of dexterity
MPRegen 0.14/turn                K - ring of poison resistance

@: mighty, heroic
A: horns 2, retaliatory headbutt
a: Renounce Religion, Heroism, Finesse, Duel


You were on level 1 of the Lair of Beasts.
You worshipped Okawaru.
Okawaru was extremely pleased with you.
You visited 3 branches of the dungeon, and saw 13 of its levels.
You also visited: Sewer and Bailey.

You collected 709 gold pieces.

Inventory:

Hand Weapons
 e - a +2 hand axe of electrocution
 u - a +3 heavy hand axe (weapon)
 L - a +4 sling of draining
Missiles
 t - 12 boomerangs (quivered)
 G - 22 poisoned darts
 I - 3 throwing nets
Armour
 c - a +0 buckler (worn)
 B - a +0 pair of boots (worn)
 Q - +0 acid dragon scales
 R - a +0 plate armour (worn)
Magical Staves
 M - a staff of earth
Jewellery
 z - a +6 ring of dexterity (left hand)
 D - a ring of positive energy
 K - a ring of poison resistance (right hand)
 N - an amulet of regeneration (around neck)
Wands
 v - a wand of digging (7)
 H - a wand of roots (13)
 O - a wand of paralysis (5)
Scrolls
 b - 2 scrolls of vulnerability
 f - 8 scrolls of teleportation
 i - 8 scrolls of fear
 k - 2 scrolls of enchant weapon
 o - 3 scrolls of fog
 q - a scroll of summoning {unknown}
 r - a scroll of acquirement {unknown}
 x - a scroll of enchant armour
 y - a scroll of magic mapping
 C - a scroll of torment {unknown}
 E - a scroll of noise {unknown}
 J - a scroll of identify
 P - a scroll of amnesia {unknown}
Potions
 d - 3 potions of might
 g - 5 potions of lignification
 h - 5 potions of attraction
 j - a potion of flight {unknown}
 m - 2 potions of berserk rage
 n - 7 potions of curing
 p - 2 potions of haste
 w - a potion of degeneration {unknown}
 A - 2 potions of mutation
 F - a potion of cancellation {unknown}
 S - a potion of brilliance
Miscellaneous
 l - a condenser vane


   Skills:
 + Level 10.9(15.9) Fighting
 * Level 14.5(19.5) Axes
 + Level 4.8(9.8) Throwing
 + Level 10.8(15.8) Armour
 + Level 10.9(15.9) Shields
 - Level 5.0 Invocations


You had 11 spell levels left.
You didn't know any spells.
Your spell library contained the following spells:

 Spells                   Type           Power      Damage    Failure   Level
 Kiss of Death            Conj/Necr      0%         2d5       99%         1
 Slow                     Hex            0%         N/A       99%         1
 Blink                    Tloc           0%         N/A       99%         2
 Cigotuvi's Dreadful Rot  Necr/Pois/Air  0%         N/A       99%         2
 Sublimation of Blood     Necr           0%         N/A       99%         2
 Confusing Touch          Hex            0%         N/A       100%        3
 Dazzling Flash           Conj/Hex       0%         N/A       100%        3
 Hailstorm                Conj/Ice       0%         3d3       100%        3
 Ignite Poison            Fire/Tmut/Pois 0%         N/A       100%        3
 Vampiric Draining        Necr           0%         2d6       100%        3
 Volatile Blastmotes      Fire/Tloc      0%         2d10      100%        3
 Dispel Undead            Necr           0%         3d6       100%        4
 Fulminant Prism          Conj/Hex       0%         3d5       100%        4
 Ice Form                 Ice/Tmut       0%         N/A       100%        4
 Iskenderun's Mystic Bla  Conj/Tloc      0%         2d3       100%        4
 Manifold Assault         Tloc           0%         N/A       100%        4
 Petrify                  Tmut/Erth      0%         N/A       100%        4
 Agony                    Necr           0%         N/A       100%        5
 Freezing Cloud           Conj/Ice/Air   0%         6-21      100%        5
 Irradiate                Conj/Tmut      0%         3d11      100%        5
 Iskenderun's Battlesphe  Conj           0%         2d6       100%        5
 Lee's Rapid Deconstruct  Erth           0%         3d4*      100%        5
 Silence                  Hex/Air        0%         N/A       100%        5
 Iron Shot                Conj/Erth      0%         9d1       100%        6
 Storm Form               Tmut/Air       0%         N/A       100%        7
 Death Channel            Necr           Unusable   N/A       N/A         6
 Simulacrum               Ice/Necr       Unusable   N/A       N/A         6
 Spellforged Servitor     Conj/Summ      Unusable   N/A       N/A         7

Dungeon Overview and Level Annotations

Branches:
Dungeon (10/15)            Temple (1/1) D:5            Lair (2/5) D:9
    Orc (0/2) D:10          Sewer (visited)          Bailey (visited)
  Swamp: Lair:2-3    Shoals: Lair:2-3     Snake: Lair:2-3    Spider: Lair:2-3

Altars:
Cheibriados
Elyvilon
Fedhas
Hepliaklqana
Kikubaaqudgha
Nemelex Xobeh
Okawaru
Qazlal
Ru
Sif Muna
Trog
Uskayaw
Yredelemnul
Zin

Shops:
D:7 (   D:10 (


Innate Abilities, Weirdness & Mutations

You have a pair of horns on your head.
You reflexively headbutt those who attack you in melee.


Message History

The swamp worm looks even sicker.
You fail to use your ability.
The seven-headed hydra bites you.
* * * LOW HITPOINT WARNING * * *
You block the seven-headed hydra's attack.
The seven-headed hydra completely misses you.
The seven-headed hydra bites you!
* * * LOW HITPOINT WARNING * * *
The seven-headed hydra bites you but does no damage. x2
The seven-headed hydra closely misses you.
You feel much better. The cane toad stings you.
You block the seven-headed hydra's attack.
The seven-headed hydra bites you.
* * * LOW HITPOINT WARNING * * *
The seven-headed hydra bites you!
* * * LOW HITPOINT WARNING * * *
The seven-headed hydra bites you but does no damage. x3
The seven-headed hydra bites you.
* * * LOW HITPOINT WARNING * * *
You slash the cane toad!
The cane toad is almost dead.
You slice one of the seven-headed hydra's heads off!
The six-headed hydra grows two more!
You slash the eight-headed hydra! You block the cane toad's attack.
The eight-headed hydra bites you but does no damage.
The eight-headed hydra bites you.
* * * LOW HITPOINT WARNING * * *
The eight-headed hydra bites you but does no damage. x2
The eight-headed hydra bites you!
* * * LOW HITPOINT WARNING * * *
The eight-headed hydra barely misses you.
The eight-headed hydra bites you but does no damage.
The eight-headed hydra closely misses you.
You can't go up here!
You block the cane toad's attack.
The eight-headed hydra barely misses you.
The eight-headed hydra bites you.
* * * LOW HITPOINT WARNING * * *
The eight-headed hydra bites you but does no damage.
The eight-headed hydra bites you!
You die...

##........# ##....## ##
#........## #......## ##.
##.....#### ##.......###..
#.....## ###.........###.
##......# #............##.
#####......## ##..............
...††......# ###...............
######....## ###.................
##.##..###..@...#............
###..###.##...FDw.§#........... #
#....# #.#....8...☼##..........
###....####.....##..☼.##.........
.##....##....#######...#.........
.##....##....#######..☼§.........
..##..###....##...##...☼.#.......
..........................+......
#....##8.....8..>.w8.....8.......


You could see an eight-headed hydra, a cane toad and a swamp worm (very
poisoned).

Vanquished Creatures
  A boulder beetle (Lair:1)
  Sonja (D:10)
  A deep elf pyromancer (D:8)
  A cyclops (D:8)
  A black mamba (Lair:1)
  Joseph (D:9)
  A gargoyle (D:8)
  A cane toad (Lair:1)
  Psyche (D:10)
  2 komodo dragons
  A meliai (shapeshifter) (D:8)
  3 trolls
  2 polar bears (Lair:1)
  5 blink frogs (Lair:1)
  A tyrant leech (Lair:2)
  A human (D:4)
  29 yaks
  2 wyverns
  A steam dragon (D:8)
  2 swamp worms (Lair:2)
  2 acid dragons
  5 water moccasins
  8 orc warriors
  A black bear (D:7)
  Pargi (Sewer)
  2 sky beasts
  An ogre (D:7)
  4 centaurs
  11 wolves
  3 phantoms
  3 kobold brigands (D:8)
  4 bullfrogs
  9 gnoll sergeants (Bailey)
  A scorpion (D:5)
  8 wights
  2 electric eels (D:9)
  11 hounds
  7 orc priests
  2 sleepcaps
  3 jellies
  6 gnoll boudas (Bailey)
  5 iguanas
  15 orc wizards
  26 gnolls
  17 adders
  2 shadow imps
  A white imp (D:8)
  An ufetubus (D:4)
  3 dart slugs
  45 orcs
  9 ball pythons
  8 endoplasms
  3 giant cockroaches
  2 goblins (D:1)
  3 hobgoblins
  6 quokkas
  10 bats
  7 frilled lizards
  A goblin zombie (D:4)
  13 kobolds
  11 rats
  A spectral hobgoblin (D:9)
341 creatures vanquished.

Vanquished Creatures (others)
  3 fungi
  5 plants
8 creatures vanquished.

Grand Total: 349 creatures vanquished

Notes
Turn   | Place    | Note
-------+----------+-------------------------------------------
     0 | D:1      | fortdeath9 the Minotaur Fighter began the quest for the
                  | Orb.
     0 | D:1      | Reached XP level 1. HP: 19/19 MP: 0/0
   149 | D:1      | Reached XP level 2. HP: 26/27 MP: 1/1
   167 | D:1      | Reached skill level 3 in Axes
   417 | D:1      | Reached XP level 3. HP: 29/33 MP: 2/2
   952 | D:2      | Reached XP level 4. HP: 40/40 MP: 3/3
   977 | D:2      | Reached skill level 4 in Axes
  1093 | D:2      | Found a faded altar of an unknown god.
  1106 | D:2      | Identified the orb "Sisuera" {*channel, Int+2}
  1226 | D:2      | Reached XP level 5. HP: 47/47 MP: 4/4
  1736 | D:3      | Found a bloodstained altar of Trog.
  1747 | D:3      | Found a snail-covered altar of Cheibriados.
  1787 | D:3      | Reached skill level 5 in Axes
  2065 | D:3      | Found an ancient bone altar of Kikubaaqudgha.
  2309 | D:3      | Found a sparkling altar of Nemelex Xobeh.
  2379 | D:4      | Found a runed translucent door.
  2379 | D:4      | Noticed a human
  2389 | D:4      | Found a basalt altar of Yredelemnul.
  2404 | D:4      | Killed a human
  2405 | D:4      | Reached skill level 5 in Fighting
  2405 | D:4      | Reached skill level 5 in Armour
  2405 | D:4      | Reached skill level 5 in Shields
  2405 | D:4      | Reached XP level 6. HP: 56/56 MP: 5/5
  2744 | D:4      | Reached skill level 6 in Axes
  2744 | D:4      | Reached XP level 7. HP: 59/61 MP: 6/6
  3177 | D:5      | Entered Level 5 of the Dungeon
  3375 | D:5      | Found a staircase to the Ecumenical Temple.
  3383 | Temple   | Entered the Ecumenical Temple
  3398 | Temple   | Became a worshipper of Warmaster Okawaru
  3543 | D:5      | Reached skill level 1 in Invocations
  3649 | D:5      | Reached skill level 7 in Axes
  3838 | D:6      | Found a glowing drain.
  3876 | Sewer    | Entered a sewer
  3909 | Sewer    | Noticed Pargi
  3924 | Sewer    | Killed Pargi
  3924 | Sewer    | Reached * piety under Okawaru
  3925 | Sewer    | Reached XP level 8. HP: 70/70 MP: 6/8
  4120 | D:6      | Found a stormy altar of Qazlal.
  4462 | D:7      | Found Rogun's Weapon Boutique.
  4479 | D:7      | Reached skill level 8 in Axes
  4839 | D:7      | Reached ** piety under Okawaru
  5127 | D:7      | Reached XP level 9. HP: 75/79 MP: 10/10
  5209 | D:8      | Reached skill level 9 in Axes
  5419 | D:8      | Reached *** piety under Okawaru
  5424 | D:8      | Reached skill level 10 in Axes
  5617 | D:8      | Noticed a cyclops
  5634 | D:8      | Killed a cyclops
  5635 | D:8      | Reached XP level 10. HP: 73/88 MP: 12/12
  5666 | D:8      | Noticed a deep elf pyromancer
  5685 | D:8      | Noticed a gargoyle
  5690 | D:8      | Killed a gargoyle
  5690 | D:8      | Reached **** piety under Okawaru
  5727 | D:8      | Reached skill level 11 in Axes
  5748 | D:8      | Reached skill level 5 in Invocations
  5759 | D:8      | Killed a deep elf pyromancer
  5978 | D:9      | Noticed Joseph
  5987 | D:9      | Killed Joseph
  6119 | D:9      | Reached ***** piety under Okawaru
  6120 | D:9      | Reached skill level 12 in Axes
  6192 | D:9      | Found a staircase to the Lair.
  6273 | D:9      | Found a flagged portal.
  6293 | Bailey   | Entered a bailey
  6511 | Bailey   | Reached skill level 1 in Throwing
  6728 | Bailey   | Reached XP level 11. HP: 77/97 MP: 13/13
  6909 | D:9      | Found a hazy altar of Hepliaklqana.
  7456 | D:10     | Entered Level 10 of the Dungeon
  7718 | D:10     | Reached skill level 13 in Axes
  7766 | D:10     | Noticed Psyche
  7782 | D:10     | Killed Psyche
  7881 | D:10     | Noticed Sonja
  7908 | D:10     | Killed Sonja
  7909 | D:10     | Reached skill level 10 in Fighting
  7909 | D:10     | Reached skill level 10 in Shields
  8096 | D:10     | Reached skill level 10 in Armour
  8143 | D:10     | Identified the +0 scale mail of Xuweupn {Slay+3} (Okawaru
                  | gifted it to you on level 10 of the Dungeon)
  8143 | D:10     | Received a gift from Okawaru
  8275 | D:10     | Found Kewisyn's Weapon Shop.
  8276 | D:10     | Found a staircase to the Orcish Mines.
  8854 | Lair:1   | Entered Level 1 of the Lair of Beasts
  9205 | Lair:1   | Reached skill level 14 in Axes
  9281 | Lair:1   | Reached XP level 12. HP: 106/108 MP: 14/14
  9529 | Lair:1   | Noticed a boulder beetle
  9566 | Lair:1   | Killed a boulder beetle
 10074 | Lair:2   | Noticed a five-headed hydra
 10078 | Lair:2   | Noticed a seven-headed hydra
 10194 | Lair:1   | Slain by an eight-headed hydra

Illustrated notes

Levels and vault maps discovered:
D:1:      dpeg_arrival_tiny_h, layout_loops_corners
D:2:      layout_basic, chequers_ecumenical_altar_simple, minivault_27
D:3:      layout_loops_ring, mainiacjoe_overflow_alcove_1,
          mainiacjoe_overflow_alcove_4, minitemple
D:4:      layout_gridville, dk_yredelemnul_ordeal
D:5:      layout_rooms, temple_green
D:6:      layout_loops_ring, nicolae_qazlal_general_emergency, led_xom_imps,
          gup_sewer_entry_glass
D:7:      layout_gridville, serial_shops, shop
D:8:      layout_basic, nzn_random_ring
D:9:      layout_basic, nicolae_hepliaklqana_monster_ancestors,
          erik_lair_island, enter_bailey_2, uniq_joseph
D:10:     layout_stronghold, orc_david_3, grunt_ministairs_10, uniq_psyche,
          uniq_sonja
Temple:   nicolae_temple_bog_church
Lair:1:   layout_cave_pods, grunt_megastairs_5
Lair:2:   layout_long_grid, palyth_hydra_swamp_entry, special_room
          [special_room_bee], infiniplex_staircase_pool_2, uniq_fannar

Skill      XL: |  1  2  3  4  5  6  7  8  9 10 11 |
---------------+----------------------------------+-----
Axes           | 3 4 5 6 7 8 10 12 14 | 14.5
Shields        | 4 5 6 7 8 9 10 | 10.9
Fighting       | 4 5 6 7 8 9 10 | 10.9
Armour         | 4 5 6 7 8 9 10 | 10.8
Invocations    | 1 3 4 5 |  5.0
Throwing       | 1 4 |  4.8

Action                     |  1- 3 |  4- 6 |  7- 9 | 10-12 || total
---------------------------+-------+-------+-------+-------++-------
  Melee: War axe           |    80 |   121 |    11 |       ||   212
         Headbutt          |     6 |    18 |    46 |   134 ||   204
         Hand axe          |       |       |   225 |   515 ||   740
         Unarmed           |       |       |       |    11 ||    11
  Throw: Boomerang         |       |       |     1 |    38 ||    39
 Invoke: Heroism           |       |       |     2 |     5 ||     7
         Finesse           |       |       |       |     2 ||     2
  Evoke: Wand              |       |       |       |     1 ||     1
    Use: Scroll            |     1 |     3 |     8 |     5 ||    17
         Potion            |       |       |       |     3 ||     3
   Stab: Distracted        |       |       |       |     1 ||     1
 Armour: Chain mail        |    35 |    57 |   135 |   136 ||   363
         Plate armour      |       |       |       |    83 ||    83
         Skin              |       |       |       |     1 ||     1
  Dodge: Dodged            |    26 |    48 |    91 |   183 ||   348
  Block: Buckler           |    18 |    28 |    71 |   155 ||   272

Table legend: (Time is in decaauts)
 A = Elapsed time spent in this place.
 B = Non-inter-level travel time spent in this place.
 C = Inter-level travel time spent in this place.
 D = Time resting spent in this place.
 E = Time spent auto-exploring this place.
 F = Levels seen in this place.
 G = Mean time per level.
                   A        B        C        D        E       F      G
               +--------+--------+--------+--------+--------+-----+--------+
         Total |  10358 |   9978 |    380 |    646 |   4033 |  15 |  690.5 |
       Dungeon |   8333 |   7994 |    339 |    421 |   3581 |  10 |  833.3 |
        Temple |     45 |     45 |      0 |      0 |      0 |   1 |   45.0 |
          Lair |   1332 |   1291 |     41 |    135 |    452 |   2 |  666.0 |
         Sewer |     96 |     96 |      0 |      0 |      0 |   1 |   96.0 |
        Bailey |    550 |    550 |      0 |     90 |      0 |   1 |  550.0 |
               +--------+--------+--------+--------+--------+-----+--------+

Top non-repeatable levels by time:
    D:10: 1344 daAuts
  Lair:1: 1228 daAuts
     D:9: 982 daAuts
     D:1: 915 daAuts
     D:7: 836 daAuts
     D:4: 814 daAuts
     D:8: 813 daAuts
     D:3: 767 daAuts
     D:2: 750 daAuts
     D:6: 601 daAuts
  Bailey: 550 daAuts
     D:5: 507 daAuts
  Lair:2: 103 daAuts
   Sewer: 96 daAuts
  Temple: 45 daAuts
